Cogmind - Beta 10.2 --- EXPLORER MODE // 2021.05.29 @ 07:14:45 // Winter2019/RPGLIKE Player: H_ Result: Self-destructed Performance ------------- Evolutions (0) 0 Regions Visited (4) 800 Robots Destroyed (21) 105 Value Destroyed (301) 301 Prototype IDs (24) 480 Alien Tech Used (0) 0 Bonus (300) 300 TOTAL SCORE: 1986 Bonus ------- Aligned with FarCom 300 Cogmind --------- Core Integrity 600/600 Matter 300/300 Energy 125/125 System Corruption 0% Temperature Cool (0) Movement Flying (34) Location -9/Mines Parts ------- > --- POWER (1) -------- Light Ion Engine > --- PROPULSION (3) --- VTOL Module VTOL Module VTOL Module > --- UTILITY (4) ------ Heat Sink Experimental Sensor Array Modified TNC > --- WEAPON (3) ------- Rocket Launcher Makeshift Sword > --- INVENTORY (2) ---- (None) Peak State ------------ > --- POWER ------------ Light Ion Engine > --- PROPULSION ------- Flight Unit Flight Unit > --- UTILITY ---------- Transport Network Coupler > --- WEAPON ----------- AWS/Autocannon > --- INVENTORY -------- Grenade Launcher [Rating: 34] Favorites ----------- Power Light Ion Engine Engine Light Ion Engine Propulsion Flight Unit Flight Unit Flight Unit Utility Transport Network Coupler Device Experimental Sensor Array Processor Transport Network Coupler Weapon Makeshift Sword Ballistic Cannon AWS/Autocannon Launcher Grenade Launcher Slashing Weapon Makeshift Sword Build | -11 -10 -10 -10 -9 ------- Run | Scr Mat Min Exi Min Slots Evolved 7 | . . 1 6 . Power . | . . . . . Propulsion 2 | . . 1 1 . Utility 3 | . . . 3 . Weapon 2 | . . . 2 . Parts Attached 22 | . 4 6 4 8 Power 4 | . . 2 . 2 Engine 4 | . . 2 . 2 Core . | . . . . . Reactor . | . . . . . Propulsion 5 | . 1 1 . 3 Treads . | . . . . . Leg . | . . . . . Wheel . | . . . . . Hover . | . . . . . Flight 5 | . 1 1 . 3 Utility 4 | . 1 . 1 2 Device 2 | . . . . 2 Storage . | . . . . . Processor 2 | . 1 . 1 . Hackware . | . . . . . Protection . | . . . . . Artifact . | . . . . . Weapon 9 | . 2 3 3 1 Energy Gun . | . . . . . Energy Cannon . | . . . . . Ballistic Gun . | . . . . . Ballistic Cannon 1 | . . . 1 . Launcher 5 | . 2 1 1 1 Special Weapon . | . . . . . Impact Weapon . | . . . . . Slashing Weapon 3 | . . 2 1 . Piercing Weapon . | . . . . . Special Melee Weapon . | . . . . . Unidentified Prototypes 1 | . . . . 1 Parts Lost . | . . . . . Power . | . . . . . Propulsion . | . . . . . Utility . | . . . . . Weapon . | . . . . . Highest Loss Streak . | . . . . . Average Slot Usage (%) 72 | . 25 87 78 63 Engine 9 | . . 10 14 9 Flight 25 | . 2 32 29 22 Device 1 | . . . . 5 Processor 15 | . 14 22 14 9 Launcher 6 | . 8 5 4 9 Slashing Weapon 12 | . . 17 14 9 Naked Turns 54 | . 54 . . . Heaviest Build 11 | . 3 6 8 11 Greatest Support 25 | 3 4 8 18 25 Greatest Overweight (x) . | . . . . . Average Overweight (x) . | . . . . . Largest Inventory Capacity 2 | . . 1 2 2 Average Capacity 1 | . . . 1 2 Most Carried 2 | . . 1 2 2 Average Carried . | . . . . . Final Capacity 2 | . . 1 2 2 Final Carried 1 | . . 1 . . Class Distribution -------------------- 83% | Hacker-Mutant 16% | Hacker-Scout Dominant Class ---------------- Hacker-Mutant | -10/Materials Hacker-Mutant | -10/Mines Hacker-Mutant | -10/Exiles Hacker-Scout | -9/Mines Resources | -11 -10 -10 -10 -9 ----------- Run | Scr Mat Min Exi Min Matter Collected 440 | 36 121 135 . 148 Remotely . | . . . . . Salvage Created 375 | . 10 226 . 139 Parts 45 | . 8 9 . 28 Haulers Intercepted . | . . . . . Recyclers Shooed . | . . . . . Parts Field Recycled . | . . . . . Retrieved Matter . | . . . . . Parts Self-Destructed . | . . . . . Prevented . | . . . . . Kills | -11 -10 -10 -10 -9 ------- Run | Scr Mat Min Exi Min Combat Hostiles Destroyed 13 | . 2 4 . 7 Melee 11 | . . 4 . 7 AOE 2 | . 2 . . . Classes Destroyed 6 | . 1 3 . 2 Worker 1 | . . 1 . . Tunneler 6 | . . 2 . 4 Recycler 1 | . . 1 . . Swarmer 8 | . 2 3 . 3 Grunt 2 | . . . . 2 Sentry 2 | . . . . 2 Best Kill Streak 4 | . 2 2 . 4 Combat Bots Only 3 | . 2 2 . 3 Max Kills in Single Turn 2 | . 2 1 . 1 Gunslinging . | . . . . . Exploded 2 | . 2 . . . Melee 1 | . . 1 . 1 Uniques/NPCs Destroyed 1 | . . 1 . . YI-UF0 (-10/Mines) Combat | -11 -10 -10 -10 -9 -------- Run | Scr Mat Min Exi Min Damage Taken 325 | . 8 222 . 95 Core 282 | . 8 199 . 75 Absorbed by Shields . | . . . . . Redirected to Core 127 | . . 67 . 60 Core Remaining (%) 100 | 100 . . . . Volleys Fired 2 | . 1 1 . . Largest 1 | . 1 1 . . Hottest 30 | . 30 30 . . Shots Fired 2 | . 1 1 . . Gun . | . . . . . Cannon . | . . . . . Launcher 2 | . 1 1 . . Special . | . . . . . Kinetic . | . . . . . Thermal . | . . . . . Explosive 2 | . 1 1 . . Electromagnetic . | . . . . . Robot Hit Streak . | . . . . . Robot Miss Streak 2 | . 1 2 . . Penetration Max . | . . . . . Secondary Targets . | . . . . . Shots Hit Robots 45 | . . 21 . 24 Core Hits 21 | . 2 8 . 11 Critical Hits 4 | . . 2 . 2 Critical Kills 1 | . . 1 . . Critical Parts Destroyed 3 | . . 1 . 2 Melee Attacks 49 | . . 24 . 25 Impact . | . . . . . Slashing 49 | . . 24 . 25 Piercing . | . . . . . Sneak Attacks 11 | . . 4 . 7 Combat Hostiles . | . . . . . Follow-up Attacks . | . . . . . Damage Inflicted 2491 | . 78 1067 . 1346 Guns . | . . . . . Cannons . | . . . . . Explosions 86 | . 78 8 . . Melee 2405 | . . 1059 . 1346 Ramming . | . . . . . Kinetic . | . . . . . Thermal . | . . . . . Explosive 86 | . 78 8 . . Electromagnetic . | . . . . . Impact . | . . . . . Slashing 2405 | . . 1059 . 1346 Piercing . | . . . . . Highest Corruption . | . . . . . Average Corruption . | . . . . . Corruption Purged . | . . . . . Overload Shots . | . . . . . Overflow Damage 486 | . . 174 . 312 Projectiles . | . . . . . Explosions . | . . . . . Melee 486 | . . 174 . 312 Knockbacks . | . . . . . Impact . | . . . . . Kinetic . | . . . . . Secondary . | . . . . . Self-Inflicted Damage 11 | . . 11 . . Shots 1 | . . 1 . . Rammed . | . . . . . Targets Rammed . | . . . . . Kicked . | . . . . . Crushed . | . . . . . Highest Temperature 10 | . . . . 10 Average Temperature 10 | . . . . 10 Received Heat Transfer 54 | . . . . 54 Siege Activations . | . . . . . Robots Corrupted . | . . . . . Combat Hostiles . | . . . . . Parts Fried . | . . . . . Impact Corruptions . | . . . . . Robots Melted . | . . . . . Combat Hostiles . | . . . . . Parts Melted . | . . . . . Heat Transferred . | . . . . . Parts Sabotaged . | . . . . . Parts Stolen . | . . . . . Parts Stripped . | . . . . . Power Chain Reactions . | . . . . . Missiles Intercepted . | . . . . . Alert | -11 -10 -10 -10 -9 ------- Run | Scr Mat Min Exi Min Peak Influence 209 | . 157 83 . 209 Initial 43 | . . 43 . . Average 60 | . 55 39 . 90 Maximum Alert Level 1 | . . . . 1 Low Security (%) 96 | 100 100 100 . 90 Level 1 3 | . . . . 10 Level 2 . | . . . . . Level 3 . | . . . . . Level 4 . | . . . . . Level 5 . | . . . . . High Security . | . . . . . Max Security . | . . . . . Squads Dispatched 1 | . 1 . . . Investigation 1 | . 1 . . . Extermination . | . . . . . Reinforcement . | . . . . . Assault . | . . . . . Garrison . | . . . . . Intercept . | . . . . . Construction Impeded . | . . . . . Haulers Reinforced . | . . . . . Stealth | -11 -10 -10 -10 -9 --------- Run | Scr Mat Min Exi Min Distress Signals 1 | . 1 . . . Communications Jammed . | . . . . . Distress Signals . | . . . . . Times Spotted 21 | . 8 6 . 7 Peak Tracking Total 7 | . 7 2 . 3 Tactical Retreats 3 | . 1 2 . . Traps | -11 -10 -10 -10 -9 ------- Run | Scr Mat Min Exi Min Traps Triggered . | . . . . . Indirectly . | . . . . . Trap Hack Attempts . | . . . . . Triggered . | . . . . . Disarmed . | . . . . . Reprogrammed 6 | . 6 . . . Reused 2 | . 2 . . . Traps Extracted . | . . . . . Installed 4 | . . 4 . . Triggered 2 | . 2 . . . Machines | -11 -10 -10 -10 -9 ---------- Run | Scr Mat Min Exi Min Machines Disabled . | . . . . . Max in Single Turn . | . . . . . Machines Sabotaged . | . . . . . Garrisons Compromised . | . . . . . Overloaded Fab Kills . | . . . . . Fab Network Shutdowns . | . . . . . Hacking | -11 -10 -10 -10 -9 --------- Run | Scr Mat Min Exi Min Machines Accessed 7 | . 5 . 1 1 Terminals 4 | . 3 . . 1 Fabricators . | . . . . . Repair Stations 1 | . 1 . . . Recycling Units 1 | . 1 . . . Scanalyzers . | . . . . . Garrison Access . | . . . . . Total Hacks 26 | . 18 . 1 7 Successful 20 | . 14 . 1 5 Failed 6 | . 4 . . 2 Catastrophic . | . . . . . Database Lockouts . | . . . . . Manual 19 | . 11 . 1 7 Terminals 21 | . 14 . . 7 Fabricators . | . . . . . Repair Stations 1 | . 1 . . . Recycling Units 3 | . 3 . . . Scanalyzers . | . . . . . Garrison Access . | . . . . . Terminal Hacks 13 | . 7 . 1 5 Robot Analysis 1 | . 1 . . . Level Access Points 1 | . . . . 1 Branch Access Points 1 | . . . . 1 Terminal Index 2 | . 1 . . 1 Recycling Unit Index 1 | . 1 . . . Locate Traps 2 | . 1 . . 1 Reprogram Traps 1 | . 1 . . . Zone Layout 3 | . 2 . . 1 EX-Prototype ID Bank 1 | . . . 1 . Fabricator Hacks . | . . . . . Repair Station Hacks . | . . . . . Recycling Unit Hacks 2 | . 2 . . . Report Inventory 1 | . 1 . . . Retrieve Components 1 | . 1 . . . Scanalyzer . | . . . . . Garrison Access Hacks . | . . . . . Unauthorized Hacks 5 | . 5 . . . Terminals 3 | . 3 . . . Track 1 | . 1 . . . Botnet 2 | . 2 . . . Fabricators . | . . . . . Repair Stations 1 | . 1 . . . Mechanics 1 | . 1 . . . Recycling Units 1 | . 1 . . . Tunnel 1 | . 1 . . . Scanalyzers . | . . . . . Garrison Access . | . . . . . Data Cores Recovered . | . . . . . Used . | . . . . . Hacking Detections 5 | . 4 . . 1 Full Trace Events . | . . . . . Feedback Events . | . . . . . Feedback Blocked . | . . . . . Robot Schematics Acquired . | . . . . . Robots Built . | . . . . . Matter . | . . . . . Time . | . . . . . Total Robot Build Rating . | . . . . . Part Schematics Acquired . | . . . . . Parts Built . | . . . . . Matter . | . . . . . Time . | . . . . . Total Part Build Rating . | . . . . . Parts Repaired . | . . . . . Time . | . . . . . Parts Recycled . | . . . . . Recycled Matter . | . . . . . Retrieved Matter . | . . . . . Retrieved Components 3 | . 3 . . . Parts Scanalyzed . | . . . . . Part Schematics Acquired . | . . . . . Parts Damaged . | . . . . . Bothacking | -11 -10 -10 -10 -9 ------------ Run | Scr Mat Min Exi Min Used RIF Installer . | . . . . . Robots Hacked . | . . . . . Non-combat . | . . . . . Combat . | . . . . . Robot Hacks Applied . | . . . . . Relay Couplers Released . | . . . . . Robots Rewired . | . . . . . Allies Hacked . | . . . . . Hacks Repelled . | . . . . . Allies | -11 -10 -10 -10 -9 -------- Run | Scr Mat Min Exi Min Total Allies 5 | . . 3 . 2 Largest Group 3 | . . 3 . 2 Highest-Rated Group 42 | . . 40 . 42 Highest-Rated Ally 31 | . . 16 . 31 Total Orders . | . . . . . Ally Attacks 11 | . . 11 . . Total Damage 84 | . . 84 . . Kills . | . . . . . Allies Corrupted . | . . . . . Allies Melted . | . . . . . Intel | -11 -10 -10 -10 -9 ------- Run | Scr Mat Min Exi Min Robot Analysis Total 1 | . 1 . . . Derelict Logs Recovered 1 | . . . . 1 Drone Launches . | . . . . . Drone Recoveries . | . . . . . Exploration | -11 -10 -10 -10 -9 ------------- Run | Scr Mat Min Exi Min Turns Passed 1224 | 9 124 468 243 380 Spaces Moved 2650 | 18 231 1006 635 760 Core 224 | 18 206 . . . Treads . | . . . . . Legs . | . . . . . Wheels . | . . . . . Hover . | . . . . . Flight 2426 | . 25 1006 635 760 Fastest Speed 34 | 50 40 37 37 34 Average Speed 38 | 50 48 38 37 35 Slowest Speed 50 | 50 50 40 37 37 Overloaded Moves . | . . . . . Propulsion Burnouts . | . . . . . Robots Hopped 14 | . . 10 . 4 Cave-ins Triggered . | . . . . . Exploration Rate (%) 69 | 3 58 99 92 96 Regions Visited 4 Branch Regions 3 Pre-discovered Areas 3 | . 1 1 . 1 Known Exits Taken 4 | 1 1 1 1 . Unknown Exits Taken . | . . . . . Scrap Searched 3 | . . 1 . 2 Spaces Dug . | . . . . . Terrain Destroyed 19 | . 10 9 . . Melee . | . . . . . Projectile . | . . . . . AOE 19 | . 10 9 . . Terrain Rammed . | . . . . . Walls Destroyed . | . . . . . Machines Disabled . | . . . . . Actions | -11 -10 -10 -10 -9 --------- Run | Scr Mat Min Exi Min Total 2790 | 17 238 1052 643 840 Wait 33 | . 2 8 . 23 Move 2619 | 17 230 986 634 752 Hop 13 | . . 9 . 4 Pick Up 16 | . . 6 2 8 Fast Attach 7 | . 4 2 1 . Attach 8 | . . 1 3 4 Detach . | . . . . . Swap 7 | . . 3 . 4 Drop 15 | . 1 6 3 5 Fire 2 | . 1 1 . . Melee 49 | . . 24 . 25 Ram . | . . . . . Kick . | . . . . . Crush . | . . . . . Escape Stasis . | . . . . . Rewire . | . . . . . Trap 4 | . . 4 . . Miscellaneous 17 | . . 2 . 15 Route ------- -11/Scrapyard -10/Materials -10/Mines (discovered 3 exits: *Mat x2 / *Exi) -10/Exiles (discovered 2 exits: *Min x2) -9/Mines (discovered 2 exits: *Mat x2) History --------- Turn | Location | Event 4 | -11/Scrapyard | Identified exit to Materials 4 | -11/Scrapyard | Discovered exit to Materials (range 13) 10 | -11/Scrapyard | Entered Materials 128 | -10/Materials | Identified exit to Mines 128 | -10/Materials | Discovered exit to Mines (range 13) 134 | -10/Materials | Entered Mines 140 | -10/Mines | Identified exit to Materials 140 | -10/Mines | Discovered exit to Materials (range 10) 165 | -10/Mines | Assisted by bots powering up and referring to "LRC-V3" 211 | -10/Mines | A weapon hastily lodged in a ceiling crevice suddenly fell to the ground 234 | -10/Mines | Found a hidden stash of uninstalled traps 290 | -10/Mines | Deemed a non-threat by the Exiles lab entrance 290 | -10/Mines | Identified exit to Exiles 290 | -10/Mines | Discovered exit to Exiles (range 5) 313 | -10/Mines | Build established: Hacker-Mutant 359 | -10/Mines | Upgraded with Propulsion slot (x1) 398 | -10/Mines | Destroyed YI-UF0 441 | -10/Mines | Discovered exit to Materials (range 9) 511 | -10/Mines | Learned location of Storage (-7) 602 | -10/Mines | Entered Exiles 604 | -10/Exiles | Reached level 2 611 | -10/Exiles | Met 8R-AWN 623 | -10/Exiles | Identified exit to Mines 623 | -10/Exiles | Discovered exit to Mines (range 14) 638 | -10/Exiles | Met EX-HEX 652 | -10/Exiles | Met EX-DEC 660 | -10/Exiles | Visited The Gauntlet 719 | -10/Exiles | Met EX-BIN 725 | -10/Exiles | Aligned with FarCom system 725 | -10/Exiles | Given EX-Vault access code 734 | -10/Exiles | Opened EX-Vault 736 | -10/Exiles | Upgraded with Weapon slot (x2) 737 | -10/Exiles | Found AWS/Autocannon 739 | -10/Exiles | Upgraded with Propulsion slot (x1) 739 | -10/Exiles | Upgraded with Utility slot (x3) 742 | -10/Exiles | Found Modified TNC 757 | -10/Exiles | Warned to stay clear of 0b10 Research branches 792 | -10/Exiles | Discovered exit to Mines (range 14) 845 | -10/Exiles | Left Exiles lab with Modified TNC 845 | -10/Exiles | Entered Mines 866 | -9/Mines | Met a Derelict bent on vengeance 934 | -9/Mines | Identified exit to Materials 934 | -9/Mines | Discovered exit to Materials (range 9) 950 | -9/Mines | Reached level 3 1033 | -9/Mines | Found a damaged Exp. Sensor Array with a note attached 1034 | -9/Mines | Found Prototype Device 1035 | -9/Mines | Identified Exp. Sensor Array 1044 | -9/Mines | Learned location of Zion (-7) 1225 | -9/Mines | Self-destructed Last Messages --------------- 01141_ Dropped Grenade Launcher. 01143_ Acquired 30 matter. 01159_ A5-F6M(g): "TASTE MY VENGEANCE!" 01163_ A5-F6M(g): "WHERE ARE YOU, UNAWARE TRASH?! VENGEANCE UPON YOU!" 01172_ G-47 Trooper destroyed. 01175_ G-34 Mercenary destroyed. 01178_ Used Protomatter to restore core integrity (+7) 01179_ Used Protomatter to restore part integrity (+10) 01180_ Acquired Heat Sink. 01187_ Sneak attack on T-07 Excavator. 01187_ T-07 Excavator destroyed. 01189_ Acquired 10 matter. 01191_ Sneak attack on T-07 Excavator. 01191_ T-07 Excavator suffers critical hit. 01191_ Destroyed Wheel. 01193_ Sneak attack on T-07 Excavator. 01193_ Destroyed Wheel. 01193_ Destroyed Lgt. Ion Engine. 01195_ T-07 Excavator destroyed. 01208_ K-01 Serf collects debris. Map ----- +----------------------------------------------------+ | ???????# ##### ##?# #? | | ##?????## ##???## #?# """ #? | | ##?????## #?????# #?# """ #? | | ##?????# #?????# #?# """ #? | | #?????# #?????## ##?# #? | | #?????# #??????####??# """ #? | | #??#### #????????????# """ #? | | ##??# #????????????# """ #? | | #?### #????????????# #? | | #?# ####????????????#########? | | ##?# ###??####??????????????????? | | ##??# #???## ##?????????????????? | | ????# #??## #?????????????????? | | ????# #??# #?????????????????? | | ????# #??# #?????????????????? | | ????# #??## ##????????????????? | | ????# #??## ###??????????????? | | ##### #?## ######?????????? | | ### ? #?????????? | | ## #?????????? | | ######## #?????????? | | #??#### ##?????????? | | #?## #?####?????? | | ?## ? ### #?????? | | ?# ###### ### #?????? | | ?# < ##?????##### @ #?????? | | ?## ##?????????# ##????? | | ??###### ####??????## ##???? | | ???????## ##??????# #???? | | ????????# #??????# #???? | | ????????# #?????## ##???? | | ????????# #???### ###????? | | ????????## #??## ###??????? | | ?????????### #?## ##????????? | | ???????????### ### ##?????????? | | ?????????????# ## ##??????????? | | ?????????????# #???????????? | | ????????????## ##???????????? | | ????????????# ##????????????? | | ????????????# ##?????????????? | | #####???????## ##?????????????? | | # #????????# ###???????????? | | #????????# ##??????????? | | ##????????# ##?????????? | | ##????????## ##????????? | | #??#####??## #????????? | | #### ##??## #????????? | | """ ## ###?##### ##????????? | | """ ##????## #?????????? | | """ ##????# #?????????? | +----------------------------------------------------+ Best States ------------- Heat Dissipation 35 Energy Generation 20 Energy Capacity 125 Matter Stores 300 Matter Capacity 300 Sight Range 16 Robot Scan Range 30 Terrain Scan Density 210 Resistance: KI 35 Resistance: TH 35 Resistance: EX 35 Resistance: EM 35 Resistance: I 35 Resistance: S 35 Resistance: P 35 Evasion (%) 63 Offensive Hacking 20 Item Schematics ----------------- None Robot Schematics ------------------ None Fabricated ------------ Nothing Alien Tech Used ----------------- None Achievements -------------- None Challenges ------------ None RPGLIKE | -11 -10 -10 -10 -9 --------- Run | Scr Mat Min Exi Min Levels Raised 2 | . . . 1 1 XP Earned 9922 | 6000 545 925 350 2102 XP Spent 7440 | . . 750 6690 . Upgrades 15 | . . 2 13 . Propulsion Slot 2 | . . 1 1 . Utility Slot 3 | . . . 3 . Weapon Slot 2 | . . . 2 . Energy Generation 2 | . . . 2 . Mass Support 2 | . . . 2 . Inventory Capacity 2 | . . 1 1 . Terrain Scan Density 2 | . . . 2 . Protomatter Created 211 | . . 12 . 199 Integrity Restored 309 | . . 36 . 273 Core 282 | . . 36 . 246 Parts 27 | . . . . 27 Protomatter Decayed 105 | . . . . 105 Game ------ Seed MediumCoordinationArray Manual? 0 Play Time 00:41:27 Cumulative 107.4 hours Start 2021.05.29 @ 06:22:59 End 2021.05.29 @ 07:14:45 Sessions 1 Manual Loads 0 Difficulty Explorer Special Mode Winter2019/RPGLIKE Game No. 28 Rogue 12 Adventurer 0 Explorer 16 Win Type - Total 1 Types 0/0/1/0/0/0/0/0/0 Lore% 56 Gallery% 69 Achievement% 58 Wizard Run 0 Options --------- ASCII 0 Keyboard 0 Movement Mouse Keybinds 0 Fullscreen 2 Font 24/Proggy Map View 76x50 Tactical HUD 1 Map Filters NONE Filters NONE Steam 1 RUN: cd173587-6f59-47c2-b410-1f0ca5f99ccf